 Dungeon Crawl Stone Soup version 0.28-a0-413-gde365fb1df (webtiles) character file.

Game seed: 11177300219144211297

1975 siradein the Thaumaturge (level 9, 0/45 HPs)
             Began as a Deep Elf Conjurer on Sept 8, 2021.
             Was a Follower of Vehumet.
             Slain by an unseen horror (6 damage)
             ... on level 7 of the Dungeon.
             The game lasted 00:40:22 (6522 turns).

siradein the Thaumaturge (Deep Elf Conjurer)        Turns: 6522, Time: 00:40:23

Health: 0/45       AC:  6    Str:  4    XL:     9   Next: 0%
Magic:  28/32      EV: 14    Int: 27    God:    Vehumet [*.....]
Gold:   255        SH:  0    Dex: 13    Spells: 10/24 levels left

rFire   . . .      SeeInvis .   u - +2 quarterstaff (chaos)
rCold   . . .      Faith    .   (shield currently unavailable)
rNeg    . . .      Spirit   .   c - +1 robe {Archmagi}
rPois   .          Reflect  .   n - +0 helmet
rElec   .          Harm     .   t - +1 cloak {Will+}
rCorr   +          Rampage  .   (no gloves)
Will    +....      Archmagi +   (no boots)
Stlth   ++........              (no amulet)
HPRegen 0.15/turn               g - ring of resist corrosion
MPRegen 0.23/turn               k - ring of magical power

@: no status effects
A: no striking features
a: Renounce Religion


You were on level 7 of the Dungeon.
You worshipped Vehumet.
Vehumet was aware of your devotion.
You visited 1 branch of the dungeon, and saw 7 of its levels.

You collected 255 gold pieces.

Inventory:

Hand Weapons
 u - a +2 quarterstaff of chaos (weapon)
Armour
 c - a +1 robe of the Archmagi (worn)
 n - a +0 helmet (worn)
 t - a +1 cloak of willpower (worn)
 B - a scarf of resistance
Jewellery
 g - a ring of resist corrosion (left hand)
 k - a ring of magical power (right hand)
 l - a ring of protection from fire
Wands
 v - a wand of paralysis (20)
Scrolls
 i - a scroll of blinking
 p - a scroll of enchant armour {unknown}
 q - 3 scrolls of fear
 r - a scroll of magic mapping
 w - 2 scrolls of teleportation
 y - a scroll of holy word {unknown}
 A - a scroll of enchant weapon {unknown}
 D - a scroll of amnesia {unknown}
Potions
 a - 3 potions of attraction
 b - 2 potions of invisibility
 f - a potion of might
 h - 4 potions of flight
 j - a potion of magic
 m - a potion of ambrosia
 s - a potion of mutation {unknown}
 x - a potion of brilliance {unknown}
 z - a potion of lignification {unknown}


   Skills:
 + Level 5.9 Dodging
 - Level 2.4 Stealth
 + Level 8.3 Spellcasting
 + Level 7.8 Conjurations
 + Level 6.4 Hexes
 + Level 4.7 Translocations


You had 10 spell levels left.
You knew the following spells:

 Your Spells              Type           Power      Damage    Failure   Level
a - Magic Dart            Conj           100%       1d8       1%          1
b - Searing Ray           Conj           100%       2d8       1%          2
c - Dazzling Flash        Conj/Hex       100%       N/A       1%          3
d - Fulminant Prism       Conj/Hex       33%        3d16      2%          4
e - Iskenderun's Mystic   Conj/Tloc      61%        2d13      3%          4

Your spell library contained the following spells:

 Spells                   Type           Power      Damage    Failure   Level
 Foxfire                  Conj/Fire      100%       2x1d9     1%          1
 Summon Guardian Golem    Hex/Summ       43%        N/A       4%          3
 Orb of Destruction       Conj           34%        9d12      86%         7
 Spellforged Servitor     Conj/Summ      24%        N/A       100%        7


Dungeon Overview and Level Annotations

Branches:
Dungeon (7/15)             Temple (0/1) D:6

Altars:
Vehumet

Shops:
D:3 *   D:7 :

Annotations:
D:6 2 transporters, heikuro's ghost, amateur FoFi
D:7 Harold


Message History

You start resting.
You hear the faint creaking of a very distant portcullis.
You start resting.
Magic restored.
You start resting.
You hear the faint creaking of a very distant portcullis.
As you open the door, it creaks loudly!
Found 15 gold pieces.
There is an open door here.
Found 7 gold pieces.
A bullfrog zombie comes into view.
You see here 15 gold pieces.
You see here 7 gold pieces.
Casting: Dazzling Flash (safe; 1% risk of failure)
Confirm with . or Enter, or press ? or * to list all spells.
Aiming: Searing Ray (safe; 1% risk of failure)
Press: ? - help, Shift-Dir - straight line, f - bullfrog zombie
Aim: a bullfrog zombie (90% to hit)
You feel a surge of power!
The searing ray hits the bullfrog zombie.
The bullfrog zombie is lightly damaged. (Press . to maintain the ray.)
The bullfrog zombie hits you.
* * * LOW HITPOINT WARNING * * *
The searing ray hits the bullfrog zombie!
The bullfrog zombie is heavily damaged.
The bullfrog zombie hits you.
* * * LOW HITPOINT WARNING * * *
The searing ray hits the bullfrog zombie!
The bullfrog zombie is severely damaged.
The bullfrog zombie closely misses you.
The searing ray hits the bullfrog zombie.
The bullfrog zombie is almost destroyed.
You finish channelling your searing ray.
The bullfrog zombie hits you but does no damage.
The bullfrog zombie misses you. Something hits you.
* * * LOW HITPOINT WARNING * * *
Something hits you.
You die...

#...∩≈≈$...#......
#.≈≈≈≈≈.....[...#.
#.#≈≈≈.......#.#..
#.###.$...........
#.##..............
#.#...............
#$...............#
#$....[...........
#@Z............./#
**###......,,,,,,,,*
*,,,*#.....,,,,,,*,*
*,*,**.....,,,,,**,,
*,*,,,.....,,,,*,,,,
*,*,,,,#...,,,,***,,
****,*,****##.,,*,***,,
*,,,,*,* *,,,,,*,,,,,*
*,,,,*,****,***,*****,*


You could see a bullfrog zombie.

Vanquished Creatures
  Maggie (D:6)
  A water moccasin (D:7)
  2 sky beasts
  An ice beast (D:5)
  Purgy (D:4)
  A necrophage (D:4)
  2 ogres (D:5)
  A bullfrog (D:6)
  A scorpion (D:6)
  8 wights (D:6)
  A howler monkey (D:7)
  A centaur zombie (D:6)
  A bullfrog zombie (D:5)
  Crazy Yiuf (D:3)
  A jelly (D:5)
  Jessica (D:2)
  A centaur skeleton (D:7)
  2 iguanas
  An orc wizard (D:5)
  A hound zombie (D:5)
  Robin (D:2)
  9 adders
  A shadow imp (D:6)
  A white imp (D:6)
  An ufetubus (D:4)
  A worm (D:2)
  2 dart slugs (D:2)
  4 orcs
  9 ball pythons
  8 endoplasms
  3 giant cockroaches
  12 goblins
  12 hobgoblins
  2 jackals (D:3)
  3 quokkas
  3 bats
  5 frilled lizards
  7 kobolds
  5 rats
119 creatures vanquished.

Vanquished Creatures (others)
  4 fulminant prisms (D:6)
  A fungus (D:3)
5 creatures vanquished.

Grand Total: 124 creatures vanquished

Notes
Turn   | Place    | Note
-------+----------+-------------------------------------------
     0 | D:1      | siradein the Deep Elf Conjurer began the quest for the Orb.
     0 | D:1      | Reached XP level 1. HP: 10/10 MP: 6/6
    60 | D:1      | You fall into a shaft and drop 1 floor!
   126 | D:2      | Reached XP level 2. HP: 15/15 MP: 5/8
   394 | D:2      | Noticed Jessica
   400 | D:2      | Killed Jessica
   401 | D:2      | Reached skill level 4 in Spellcasting
   401 | D:2      | Reached skill level 5 in Conjurations
   401 | D:2      | Reached XP level 3. HP: 19/19 MP: 2/10
   584 | D:2      | Learned a level 2 spell: Searing Ray
   790 | D:1      | Reached XP level 4. HP: 24/24 MP: 10/12
  1381 | D:2      | Learned a level 3 spell: Dazzling Flash
  1553 | D:2      | Reached skill level 5 in Spellcasting
  1854 | D:2      | Reached skill level 1 in Hexes
  1855 | D:2      | Noticed Robin
  1859 | D:2      | Killed Robin
  2091 | D:2      | Reached XP level 5. HP: 26/28 MP: 14/14
  2384 | D:3      | Found Good's General Store.
  2581 | D:3      | Found a faded altar of an unknown god.
  2687 | D:3      | Found a runed translucent door.
  2688 | D:3      | Noticed Crazy Yiuf
  2956 | D:3      | Learned a level 4 spell: Fulminant Prism
  2961 | D:3      | Learned a level 4 spell: Iskenderun's Mystic Blast
  3082 | D:3      | HP: 1/28 [Crazy Yiuf (1)]
  3083 | D:3      | Killed Crazy Yiuf
  3478 | D:4      | Noticed a necrophage
  3492 | D:4      | Killed a necrophage
  3493 | D:4      | Reached skill level 1 in Translocations
  3493 | D:4      | Reached XP level 6. HP: 32/32 MP: 16/16
  3769 | D:4      | Noticed Purgy
  3781 | D:4      | Killed Purgy
  3782 | D:4      | Reached skill level 6 in Spellcasting
  4066 | D:4      | You fall into a shaft and drop 1 floor!
  4066 | D:5      | Entered Level 5 of the Dungeon
  4071 | D:5      | Reached XP level 7. HP: 36/36 MP: 18/18
  4560 | D:5      | Found a radiant altar of Vehumet.
  4628 | D:5      | Became a worshipper of Vehumet
  4845 | D:5      | Reached skill level 7 in Spellcasting
  5183 | D:6      | Reached XP level 8. HP: 41/41 MP: 20/20
  5221 | D:6      | Found a transporter.
  5221 | D:6      | Noticed a purple ugly thing
  5222 | D:6      | Found a transporter.
  5222 | D:6      | Noticed heikuro's ghost (amateur FoFi)
  5332 | D:6      | Noticed Maggie
  5345 | D:6      | Killed Maggie
  5346 | D:6      | Reached skill level 5 in Dodging
  5346 | D:6      | Reached skill level 5 in Hexes
  5720 | D:6      | Found a staircase to the Ecumenical Temple.
  5955 | D:6      | Reached skill level 8 in Spellcasting
  6405 | D:7      | Reached * piety under Vehumet
  6405 | D:7      | Offered knowledge of Foxfire by Vehumet.
  6409 | D:7      | Found Bosy's Book Emporium.
  6422 | D:7      | Reached XP level 9. HP: 26/45 MP: 20/23
  6430 | D:7      | Noticed Harold
  6522 | D:7      | Slain by an unseen horror

Illustrated notes

Levels and vault maps discovered:
D:1:      ebering_trefoil_3fold, layout_basic, minivault_23, st_stairs_10,
          minmay_misc_feat_square
D:2:      layout_loops_ring, serial_glass, glass_columns_a, glass_columns_a,
          roderic_lattice_a, uniq_robin, uniq_jessica
D:3:      layout_rooms, serial_shops, shop,
          hellmonk_ecumenical_altar_crossroads, kennysheep_cross_bottleneck,
          uniq_crazy_yiuf_cottage
D:4:      layout_basic, kennysheep_generic_room_4, uniq_purgy
D:5:      layout_rooms, nicolae_vehumet_altar_sigil
D:6:      layout_loops_ring, minmay_temple_entry_junction_2,
          gammafunk_ghost_arena, uniq_maggie
D:7:      layout_basic, enter_bailey_4, serial_shops, nicolae_shop_waterfront,
          uniq_harold, uniq_joseph

Skill      XL: |  1  2  3  4  5  6  7  8 |
---------------+-------------------------+-----
Spellcasting   | 4 5 6 7 8 |  8.3
Conjurations   | 5 6 7 |  7.8
Hexes          | 1 2 3 4 6 |  6.4
Translocations | 1 2 3 4 |  4.7
Dodging        | 3 4 5 |  5.9
Stealth        | |  2.4

Action                   |  1- 3 |  4- 6 |  7- 9 || total
-------------------------+-------+-------+-------++-------
 Cast: Magic Dart        |    55 |    87 |    42 ||   184
       Searing Ray       |     2 |    17 |    28 ||    47
       Dazzling Flash    |       |     4 |     4 ||     8
       Fulminant Prism   |       |       |     4 ||     4
  Use: Scroll            |       |     4 |    10 ||    14
       Potion            |       |       |     1 ||     1
Armor: Robe              |     3 |     6 |    14 ||    23
Dodge: Dodged            |     8 |    13 |    29 ||    50

Table legend: (Time is in decaauts)
 A = Elapsed time spent in this place.
 B = Non-inter-level travel time spent in this place.
 C = Inter-level travel time spent in this place.
 D = Time resting spent in this place.
 E = Time spent auto-exploring this place.
 F = Levels seen in this place.
 G = Mean time per level.
                   A        B        C        D        E       F      G
               +--------+--------+--------+--------+--------+-----+--------+
         Total |   6524 |   6406 |    118 |    183 |   5449 |   7 |  932.0 |
       Dungeon |   6524 |   6406 |    118 |    183 |   5449 |   7 |  932.0 |
               +--------+--------+--------+--------+--------+-----+--------+

Top non-repeatable levels by time:
     D:2: 1398 daAuts
     D:6: 1360 daAuts
     D:3: 1179 daAuts
     D:1: 862 daAuts
     D:5: 809 daAuts
     D:4: 793 daAuts
     D:7: 120 daAuts
